 Dungeon Crawl Stone Soup version 0.28-a0-1130-gc51a68064b (webtiles) character file.

Game seed: 15701653802891919518

8962 siradein the Blocker (level 11, -19/99 HPs)
             Began as a Minotaur Fighter on Dec 13, 2021.
             Was a Believer of Yredelemnul.
             Demolished by a stone giant (33 damage)
             ... on level 10 of the Dungeon.
             The game lasted 00:27:37 (9093 turns).

siradein the Blocker (Minotaur Fighter)             Turns: 9093, Time: 00:27:38

Health: -19/99     AC: 12    Str: 31    XL:     11   Next: 16%
Magic:  14/14      EV: 10    Int:  5    God:    Yredelemnul [**....]
Gold:   717        SH: 11    Dex: 11    Spells: 10/10 levels left

rFire   + . .      SeeInvis +   K - +1 scimitar (vorpal)
rCold   . . .      Faith    .   c - +0 buckler
rNeg    + . .      Spirit   .   b - +0 scale mail of Entitlement {rPois rN+ Regen+ Str+3}
rPois   +          Reflect  +   (helmet restricted)
rElec   .          Harm     .   (no cloak)
rCorr   .          Rampage  .   (no gloves)
Will    .....                   B - +2 pair of boots
Stlth   ..........              a - amulet of reflection
HPRegen 1.06/turn               L - ring of Gakoyfuv {Fly rF+ Str+4}
MPRegen 0.14/turn               r - ring of see invisible

@: flying
A: horns 2, retaliatory headbutt
a: Renounce Religion, Recall Undead Harvest, Dark Bargain


You were on level 10 of the Dungeon.
You worshipped Yredelemnul.
Yredelemnul was noncommittal.
You visited 2 branches of the dungeon, and saw 11 of its levels.
You also visited: Ossuary.

You collected 717 gold pieces.

Inventory:

Hand Weapons
 K - a +1 vorpal scimitar (weapon)
Missiles
 v - 4 throwing nets
 C - 25 poisoned darts
 D - 7 curare-tipped darts
Armour
 b - the +0 scale mail of Entitlement (worn) {rPois rN+ Regen+ Str+3}
   (You found it on level 9 of the Dungeon)

   Str:       It affects your strength (+3).
   rPois:     It protects you from poison.
   rN:        It protects you from negative energy.
   Regen:     It increases your rate of health regeneration.
 c - a +0 buckler (worn)
 B - a +2 pair of boots (worn)
Jewellery
 a - an amulet of reflection (around neck)
 f - a ring of poison resistance
 r - a ring of see invisible (right hand)
 u - a ring of ice
 E - a ring of protection from fire
 L - the ring of Gakoyfuv (left hand) {Fly rF+ Str+4}
   (You found it on level 10 of the Dungeon)

   [ring of flight]

   Str:       It affects your strength (+4).
   rF:        It protects you from fire.
   Fly:       It grants you flight.
Wands
 F - a wand of iceblast (12)
 J - a wand of flame (8)
Scrolls
 j - 2 scrolls of enchant armour {unknown}
 k - 3 scrolls of teleportation {unknown}
 m - 2 scrolls of fear {unknown}
 n - 3 scrolls of vulnerability {unknown}
 p - 4 scrolls of enchant weapon
 q - a scroll of magic mapping {unknown}
 t - 2 scrolls of noise {unknown}
 x - 2 scrolls of immolation {unknown}
 y - 4 scrolls of fog {unknown}
 G - a scroll of blinking {unknown}
 I - 3 scrolls of amnesia
Potions
 d - 5 potions of might
 e - 4 potions of attraction
 g - 3 potions of haste
 h - 3 potions of resistance
 i - 3 potions of lignification
 l - a potion of berserk rage {unknown}
 o - a potion of invisibility {unknown}
 s - 2 potions of heal wounds
 w - a potion of ambrosia {unknown}
 z - 7 potions of curing
 A - 3 potions of brilliance {unknown}
 H - a potion of degeneration {unknown}
Miscellaneous
 M - a lightning rod (4/4) (quivered)


   Skills:
 + Level 9.9 Fighting
 + Level 9.5 Long Blades
 + Level 10.0 Armour
 + Level 10.1 Shields
 + Level 6.6 Invocations
 + Level 4.1 Evocations


You had 10 spell levels left.
You didn't know any spells.
Your spell library contained the following spells:

 Spells                   Type           Power      Damage    Failure   Level
 Magic Dart               Conj           0%         1d3       67%         1
 Searing Ray              Conj           0%         2d4       82%         2
 Conjure Flame            Conj/Fire      0%         6-21      96%         3
 Ignite Poison            Fire/Tmut/Pois 0%         N/A       96%         3
 Airstrike                Air            0%         N/A       100%        4
 Fulminant Prism          Conj/Hex       0%         3d6       100%        4
 Hailstorm                Conj/Ice       0%         3d3       100%        4
 Ice Form                 Ice/Tmut       0%         N/A       100%        4
 Iskenderun's Mystic Bla  Conj/Tloc      0%         2d3       100%        4
 Sticky Flame             Conj/Fire      0%         2d3       100%        4
 Simulacrum               Ice/Necr       0%         N/A       100%        6


Dungeon Overview and Level Annotations

Branches:
Dungeon (10/15)            Temple (1/1) D:5             Orc (0/2) D:9
Ossuary (visited)
   Lair: D:8-11

Altars:
Ashenzari
Cheibriados
Dithmenos
Elyvilon
Fedhas
Gozag
Hepliaklqana
Kikubaaqudgha
Makhleb
Nemelex Xobeh
Okawaru
Qazlal
Ru
Sif Muna
Trog
Uskayaw
Vehumet
Wu Jian
Xom
Yredelemnul
Zin
The Shining One

Shops:
D:2 (!(   D:9 *   D:10 :


Innate Abilities, Weirdness & Mutations

You have a pair of horns on your head.
You reflexively headbutt those who attack you in melee.


Message History

A stone giant is nearby!
You slash the stone giant! You headbutt the stone giant!
The stone giant is moderately wounded.
Your killer bee zombie hits the stone giant but does no damage.
You block the stone giant's attack.
You hit the stone giant.
The stone giant is moderately wounded.
Your killer bee zombie hits the stone giant but does no damage. x2
The stone giant hits you!!
You slash the stone giant! Your headbutt misses the stone giant.
The stone giant is heavily wounded.
Your killer bee zombie hits the stone giant but does no damage.
The stone giant hits you!!
You are too injured to fight recklessly!
Your killer bee zombie hits the stone giant but does no damage. x2
The stone giant hits your killer bee zombie!
You can no longer trade souls for undead servants.
Your killer bee zombie hits the stone giant but does no damage.
Your killer bee zombie hits the stone giant!
The stone giant hits your killer bee zombie!!
Your killer bee zombie is destroyed!
Your killer bee zombie hits something but does no damage.
Something hits your killer bee zombie!!
Your killer bee zombie is destroyed!
You start resting.
Your killer bee zombie hits something but does no damage.
Something hits your killer bee zombie!!
Your killer bee zombie is destroyed!
Your acid dragon zombie bites the stone giant.
Your acid dragon zombie claws the stone giant but does no damage.
You can now trade souls for undead servants.
You slash the stone giant!
The stone giant is severely wounded.
The stone giant hits you!!
* * * LOW HITPOINT WARNING * * *
You slash the stone giant!
The stone giant is almost dead.
The stone giant hits you!!
You die...
Your body rises from the dead as a mindless zombie.

.........#
.........###...<..#
........... .....#####
########'## #........#
...# ##...## #........#
##.###Z###.###........#
##.##Z##.##.##.....>?.#
...#.##.)Z##.#.#......#
.)#Z##.|#ZZ.#ZZC@/#
...#.##).Z##.#.##.##
##Z##.##.##.##.....#
##Z###.###.# #.....#
Z..# ##...# #.....#
########'#####.....#
##.##Z......##..####
+..#..#####..#..#
##.#)##...##.#..#


You could see a stone giant (ally target), a friendly acid dragon zombie and a
friendly fire dragon zombie.

Vanquished Creatures
  A fire dragon (D:10)
  A two-headed ogre (D:7)
  2 wyverns
  A steam dragon (D:6)
  An acid dragon (D:10)
  2 water moccasins
  An orc warrior (D:9)
  An ice beast (D:6)
  2 necrophages
  6 ogres
  The ghost of KennySheep the Conjurer, an amateur DgCj (D:3)
  2 centaurs
  A phantom (D:6)
  A kobold brigand (D:9)
  2 gnoll sergeants
  A water moccasin zombie (D:5)
  3 scorpions
  32 killer bees
  12 wights
  3 howler monkeys
  A bullfrog zombie (D:3)
  7 centaur zombies
  A human zombie (Ossuary)
  5 orc priests
  A hound (D:4)
  A jelly (D:4)
  A gnoll shaman (D:5)
  2 centaur skeletons
  An iguana (D:6)
  8 orc wizards
  An ogre zombie (Ossuary)
  A hound skeleton (D:4)
  7 mummies (Ossuary)
  8 gnolls
  2 howler monkey zombies
  8 adders
  A shadow imp (D:6)
  An ufetubus (D:4)
  4 adder zombies (Ossuary)
  A worm (D:4)
  2 dart slugs
  17 orcs
  6 ball pythons
  4 bats
  4 endoplasms
  2 giant cockroaches
  A gnoll zombie (Ossuary)
  5 goblins
  6 hobgoblins
  3 jackals (D:1)
  3 quokkas
  6 frilled lizards
  6 goblin zombies (Ossuary)
  7 hobgoblin zombies (Ossuary)
  8 kobolds
  4 kobold zombies (Ossuary)
  A quokka zombie (Ossuary)
  2 rats
  A rat zombie (Ossuary)
226 creatures vanquished.

Vanquished Creatures (collateral kills)
  Harold (D:9)
  A two-headed ogre (D:9)
  2 centaur zombies (D:10)
  A centaur (D:10)
  A kobold brigand (D:10)
  Blork the orc (D:5)
  4 killer bees (D:10)
  A wight (D:7)
  A mummy (D:8)
  2 orcs
  2 kobolds (D:10)
17 creatures vanquished.

Vanquished Creatures (others)
  A wyvern zombie (D:9)
  A centaur zombie (D:10)
  2 scorpion zombies (D:6)
  21 killer bee zombies (D:10)
  2 ogre zombies (D:6)
  A howler monkey zombie (D:10)
  An iguana zombie (D:6)
  An orc (D:6)
  2 gnoll zombies
  A goblin zombie (D:8)
  2 kobolds
  3 kobold zombies
  7 orc zombies
45 creatures vanquished.

Grand Total: 288 creatures vanquished

Notes
Turn   | Place    | Note
-------+----------+-------------------------------------------
     0 | D:1      | siradein the Minotaur Fighter began the quest for the Orb.
     0 | D:1      | Reached XP level 1. HP: 19/19 MP: 0/0
    90 | D:1      | Reached XP level 2. HP: 26/27 MP: 1/1
   294 | D:1      | Found a faded altar of an unknown god.
   898 | D:2      | Reached XP level 3. HP: 33/33 MP: 2/2
  1032 | D:2      | Found Kaugoth's Distillery.
  1085 | D:2      | Found Sihi's Antique Weapon Emporium.
  1127 | D:2      | Found Avoguibb's Antique Weapon Emporium.
  1897 | D:3      | Found a runed translucent gate.
  1897 | D:3      | Found a runed translucent gate.
  1898 | D:3      | Found a runed translucent gate.
  1900 | D:3      | Noticed KennySheep's ghost (amateur DgCj)
  2089 | D:3      | Killed KennySheep's ghost
  2090 | D:3      | Reached XP level 4. HP: 25/41 MP: 3/3
  2092 | D:3      | Reached XP level 5. HP: 27/47 MP: 4/4
  2098 | D:3      | Reached skill level 5 in Armour
  2098 | D:3      | Reached skill level 5 in Shields
  2437 | D:4      | Reached skill level 5 in Fighting
  2796 | D:4      | Reached XP level 6. HP: 55/56 MP: 5/5
  2878 | D:4      | Identified the +1 leather armour "Zanlep" {Str+4 Int+6
                  | Dex+3}
  2984 | D:5      | Entered Level 5 of the Dungeon
  3042 | D:5      | Found a staircase to the Ecumenical Temple.
  3047 | D:5      | Found an opulent altar of Gozag.
  3047 | D:5      | Found a bloodstained altar of Trog.
  3047 | D:5      | Found a sacrificial altar of Ru.
  3054 | Temple   | Entered the Ecumenical Temple
  3269 | Temple   | Became a worshipper of Yredelemnul the Dark
  3312 | D:5      | Reached skill level 5 in Long Blades
  3312 | D:5      | Reached XP level 7. HP: 45/62 MP: 6/6
  3423 | D:5      | Reached * piety under Yredelemnul
  3500 | D:5      | Noticed Blork the orc
  3502 | D:5      | Reached ** piety under Yredelemnul
  3509 | D:5      | Killed Blork the orc
  3510 | D:5      | Reached skill level 1 in Invocations
  3846 | D:5      | Reached *** piety under Yredelemnul
  3850 | D:5      | Reached XP level 8. HP: 71/71 MP: 8/8
  4857 | D:6      | Reached XP level 9. HP: 59/79 MP: 10/10
  5337 | D:7      | Noticed a two-headed ogre
  5343 | D:7      | Killed a two-headed ogre
  5993 | D:8      | Found a sand-covered staircase.
  6001 | Ossuary  | Entered an ossuary
  6161 | Ossuary  | Reached skill level 1 in Evocations
  6431 | D:8      | Reached skill level 5 in Invocations
  7004 | D:8      | Reached XP level 10. HP: 76/82 MP: 12/12
  7637 | D:9      | Found Oduec's Assorted Antiques.
  7642 | D:9      | Found a staircase to the Orcish Mines.
  7771 | D:9      | Identified the +0 scale mail of Entitlement {rPois rN+
                  | Regen+ Str+3}
  7902 | D:9      | Noticed Harold
  7912 | D:9      | Killed Harold
  8034 | D:9      | Noticed a two-headed ogre
  8051 | D:9      | Killed a two-headed ogre
  8383 | D:10     | Entered Level 10 of the Dungeon
  8536 | D:10     | Noticed an elephant
  8754 | D:10     | Noticed a fire dragon
  8772 | D:10     | Killed a fire dragon
  8773 | D:10     | Reached XP level 11. HP: 17/99 MP: 14/14
  8789 | D:10     | Reached skill level 10 in Shields
  8917 | D:10     | Reached skill level 10 in Armour
  8980 | D:10     | Found Yduosis's Book Emporium.
  9059 | D:10     | Identified the ring of Gakoyfuv {Fly rF+ Str+4}
  9064 | D:10     | Got Quwys's Easy Spellweaving
  9080 | D:10     | Noticed a stone giant
  9093 | D:10     | Demolished by a stone giant

Illustrated notes

Levels and vault maps discovered:
D:1:      lightli_arrival_noodles, layout_loops_cross,
          shapermc_ecumenical_altar_ellora
D:2:      layout_loops_ring, serial_shops, nicolae_shop_behind_doors,
          nicolae_square_shop, shop_fountains, lemuel_old_faithful
D:3:      layout_basic, gammafunk_ghost_necromancy
D:4:      layout_loops_cross, minmay_misc_feat_chi, minmay_vboxes
D:5:      layout_cave_pools, gammafunk_temple_overflow_claw,
          minmay_temple_entry_mist, uniq_blork_the_orc
D:6:      layout_basic
D:7:      layout_basic
D:8:      layout_gridville, gup_ossuary_entry_pyramid, corexii_checkpoint_a
D:9:      layout_loops_cross, orc_0_dummy, serial_shops, kennysheep_mini,
          uniq_harold
D:10:     wad_woods_minihive, layout_basic, erik_lair_dragon, serial_shops,
          nicolae_shop_advertising_works [nicolae_subvault_shop_adworks],
          minmay_the_grid_2x2 [minmay_the_grid_dragon_b, minmay_the_grid_tree,
          minmay_the_grid_square_x, minmay_the_grid_prize_diamond_cup]
Temple:   mainiacjoe_temple_bowtie_tessellation

Skill      XL: |  1  2  3  4  5  6  7  8  9 10 11 |
---------------+----------------------------------+-----
Fighting       | 4 5 6 7 8 9 |  9.9
Shields        | 4 5 6 7 8 9 10 | 10.1
Armour         | 4 5 6 7 8 9 10 | 10.0
Long Blades    | 3 4 5 7 8 9 |  9.5
Invocations    | 2 3 5 6 |  6.6
Evocations     | 1 3 4 |  4.1

Action                   |  1- 3 |  4- 6 |  7- 9 | 10-12 || total
-------------------------+-------+-------+-------+-------++-------
Melee: Long sword        |    76 |    60 |   179 |       ||   315
       Headbutt          |     8 |     9 |    53 |    41 ||   111
       Scimitar          |       |       |    28 |   198 ||   226
Throw: Dart              |       |       |     2 |       ||     2
  Use: Scroll            |       |     1 |     5 |     3 ||     9
 Stab: Distracted        |       |       |     1 |     3 ||     4
       Sleeping          |       |       |     1 |       ||     1
Armor: Scale mail        |    30 |       |       |    71 ||   101
       Chain mail        |     8 |    25 |       |       ||    33
       Leather armour    |       |     1 |    32 |    10 ||    43
Dodge: Dodged            |    24 |    11 |    65 |    84 ||   184
Block: Buckler           |    20 |    19 |    69 |   144 ||   252
       Reflection        |       |       |     3 |     5 ||     8

Table legend: (Time is in decaauts)
 A = Elapsed time spent in this place.
 B = Non-inter-level travel time spent in this place.
 C = Inter-level travel time spent in this place.
 D = Time resting spent in this place.
 E = Time spent auto-exploring this place.
 F = Levels seen in this place.
 G = Mean time per level.
                   A        B        C        D        E       F      G
               +--------+--------+--------+--------+--------+-----+--------+
         Total |   9122 |   8859 |    263 |    259 |   6853 |  12 |  760.2 |
       Dungeon |   8473 |   8210 |    263 |    254 |   6406 |  10 |  847.3 |
        Temple |    237 |    237 |      0 |      0 |    189 |   1 |  237.0 |
       Ossuary |    411 |    411 |      0 |      5 |    258 |   1 |  411.0 |
               +--------+--------+--------+--------+--------+-----+--------+

Top non-repeatable levels by time:
     D:6: 1058 daAuts
     D:8: 1004 daAuts
     D:7: 947 daAuts
     D:9: 935 daAuts
     D:5: 813 daAuts
     D:3: 807 daAuts
     D:1: 804 daAuts
    D:10: 702 daAuts
     D:2: 702 daAuts
     D:4: 697 daAuts
 Ossuary: 411 daAuts
  Temple: 237 daAuts
